 Dungeon Crawl Stone Soup version 0.28-a0-1404-g4df0f3684d (webtiles) character file.

Game seed: 14962807123096678774

6744 siradein the Fighter (level 10, -8/87 (95) HPs)
             Began as a Grey Draconian Berserker on Jan 6, 2022.
             Was an Elder of Trog.
             Killed by the air
             ... invoked by rogsnak's ghost
              (15 damage)
             ... on level 9 of the Dungeon.
             The game lasted 00:21:45 (11599 turns).

siradein the Fighter (Grey Draconian Berserker)    Turns: 11599, Time: 00:21:46

HP:   -8/87 (95)    AC: 15    Str: 24    XL:     10   Next: 75%
MP:   10/10         EV: 15    Int:  7    God:    Trog [****..]
Gold: 508           SH:  0    Dex: 11    Spells: 9/9 levels left

rFire   . . .      SeeInvis +   E - +1 scimitar (freeze)
rCold   . . .      Faith    .   b - orb {mayhem}
rNeg    . . .      Spirit   .   (armour unavailable)
rPois   +          Reflect  .   (helmet restricted)
rElec   .          Harm     .   (no cloak)
rCorr   .          Rampage  .   (no gloves)
Will    .....                   v - +2 pair of boots
Stlth   +.........              (no amulet)
HPRegen 0.24/turn               z - ring of poison resistance
MPRegen 0.12/turn               B - ring of see invisible

@: on berserk cooldown, slowed, drained, very slow
A: AC +12, amphibious, unfitting armour, cold-blooded
a: Renounce Religion, Berserk, Trog's Hand, Brothers in Arms


You were on level 9 of the Dungeon.
You worshipped Trog.
Trog was greatly pleased with you.
You visited 1 branch of the dungeon, and saw 9 of its levels.

You collected 508 gold pieces.

Inventory:

Hand Weapons
 m - a +0 great sword
 A - a +0 scimitar
 E - a +1 scimitar of freezing (weapon)
Armour
 b - an orb of mayhem (worn)
 v - a +2 pair of boots (worn)
Jewellery
 z - a ring of poison resistance (left hand)
 B - a ring of see invisible (right hand)
Wands
 i - a wand of flame (23)
 C - a wand of polymorph (11)
 D - a wand of digging (3)
 H - a wand of iceblast (2)
Scrolls
 c - 4 scrolls of immolation {unknown}
 e - a scroll of enchant armour {unknown}
 h - 4 scrolls of magic mapping {unknown}
 j - a scroll of brand weapon {unknown}
 n - 5 scrolls of identify {unknown}
 o - 2 scrolls of teleportation {unknown}
 s - 2 scrolls of fear {unknown}
 u - a scroll of fog {unknown}
 x - a scroll of enchant weapon {unknown}
 y - a scroll of silence {unknown}
 F - a scroll of blinking {unknown}
 G - 3 scrolls of holy word {unknown}
Potions
 a - 2 potions of berserk rage {unknown}
 d - 2 potions of magic {unknown}
 f - a potion of resistance
 g - 6 potions of curing {unknown}
 k - 2 potions of flight {unknown}
 l - 3 potions of invisibility {unknown}
 p - 2 potions of heal wounds {unknown}
 q - 2 potions of brilliance {unknown}
 r - 2 potions of haste {unknown}
 t - a potion of might {unknown}
 w - a potion of cancellation {unknown}


   Skills:
 + Level 11.0 Fighting
 + Level 10.1 Long Blades
 + Level 9.2 Dodging


You had 9 spell levels left.
You didn't know any spells.
Your spell library was empty.

Dungeon Overview and Level Annotations

Branches:
Dungeon (9/15)             Temple (0/1) D:5            Lair (0/6) D:9
    Orc: D:9-12

Altars:
Nemelex Xobeh

Shops:
D:5 :

Annotations:
D:2 Robin
D:9 rogsnak's ghost, novice DsAE


Innate Abilities, Weirdness & Mutations

Your dull iron-grey scales are very hard. (AC +12)
You are amphibious.
You cannot fit into any form of body armour.
You are cold-blooded and may be slowed by cold attacks.


Message History

The poisoned dart hits you!
The kobold brigand throws a curare-tipped dart.
The curare-tipped dart hits you.
The kobold brigand throws a curare-tipped dart.
The curare-tipped dart hits you.
The kobold brigand throws a curare-tipped dart.
The curare-tipped dart completely misses you.
The kobold brigand throws a curare-tipped dart.
The curare-tipped dart hits you.
You have difficulty breathing.
* * * LOW HITPOINT WARNING * * *
You feel as though you will be slow longer.
Energy condenses in front of rogsnak's ghost, but quickly dissipates.
The kobold brigand throws a curare-tipped dart.
The curare-tipped dart hits you.
You feel the effects of Trog's Hand fading.
The kobold brigand hits you but does no damage.
Space warps around you.
* * * LOW HITPOINT WARNING * * *
Rogsnak's ghost casts a spell.
Rogsnak's ghost puts on a burst of speed!
The kobold brigand throws a curare-tipped dart.
The curare-tipped dart hits you.
The kobold brigand throws a curare-tipped dart.
The curare-tipped dart hits you.
The kobold brigand throws a curare-tipped dart.
The curare-tipped dart hits you.
You have difficulty breathing.
* * * LOW HITPOINT WARNING * * *
You feel as though you will be slow longer.
Your skin stops crawling.
You feel less strong-willed.
Rogsnak's ghost says, "I will blast you to bits."
The kobold brigand hits you but does no damage.
Rogsnak's ghost hits you but does no damage.
The kobold brigand completely misses you.
The kobold brigand hits you with a +1 whip of distortion.
* * * LOW HITPOINT WARNING * * *
Space warps horribly around you!
* * * LOW HITPOINT WARNING * * *
Rogsnak's ghost waves its arms in wide circles.
The air twists around and strikes you!
You die...

.........................##.#
.........#####............[.#
.........#####....####.#.####
.........................#
.........##.......######.#
......................##.#
.........#####.#.####.##.#
..[.()<..# #.#.# #.##.#
÷.>......# #.#@####.##.#
...÷.....# #.#.KKK..##.#
.........#####.#####KW##.##
............##.# #K....(..#
............##.###.#K.##..#
.........>.............#..#
...................#...#..##
............##.#####.......#
............##.# #...#...#


You could see 4 kobold brigands and rogsnak's ghost (swift).

Vanquished Creatures
  2 kobold demonologists (D:9)
  A shadow (D:9)
  11 yaks
  Sigmund (D:2)
  2 wyverns
  Grum (D:9)
  Menkaure (D:4)
  A water moccasin (D:9)
  Duvessa (D:4)
  3 sky beasts
  Pargi (D:4)
  An ice beast (D:7)
  A hornet zombie (D:7)
  6 black bears
  2 ogres
  A wolf (D:9)
  3 kobold brigands (D:9)
  2 bullfrogs (D:9)
  A scorpion (D:4)
  Dowan (D:4)
  4 killer bees
  7 wights
  6 howler monkeys (D:8)
  4 hounds
  A jelly (D:8)
  3 bullfrog skeletons
  4 orc priests
  Jessica (D:2)
  5 iguanas
  2 orc wizards
  A killer bee zombie (D:8)
  A howler monkey zombie (D:8)
  8 adders
  4 gnolls
  2 howler monkey skeletons
  A shadow imp (D:7)
  3 white imps
  2 worms
  3 dart slugs
  16 orcs
  2 endoplasms (D:1)
  2 giant cockroaches
  8 goblins
  3 hobgoblins
  7 jackals
  9 kobolds
  4 quokkas
  5 ball pythons
  9 bats
  5 frilled lizards
  A quokka skeleton (D:4)
  3 rats
179 creatures vanquished.

Vanquished Creatures (collateral kills)
  A yak (D:8)
  A wolf (D:9)
  A kobold brigand (D:7)
  A killer bee (D:9)
  An orc wizard (D:9)
  2 gnolls (D:4)
  An ufetubus (D:4)
  A worm (D:4)
  5 orcs
  5 hobgoblins
  A quokka (D:4)
  3 goblins (D:2)
  A kobold (D:7)
24 creatures vanquished.

Vanquished Creatures (others)
  2 kobold brigands (D:9)
  An orc wizard (D:6)
  An orc (D:3)
  A rat (D:3)
  36 fungi
  37 plants
78 creatures vanquished.

Grand Total: 281 creatures vanquished

Notes
Turn   | Place    | Note
-------+----------+-------------------------------------------
     0 | D:1      | siradein the Draconian Berserker began the quest for the
                  | Orb.
     0 | D:1      | Reached XP level 1. HP: 19/19 MP: 1/1
   310 | D:1      | Reached XP level 2. HP: 26/26 MP: 2/2
   889 | D:1      | Reached XP level 3. HP: 30/33 MP: 3/3
  1353 | D:2      | Reached skill level 4 in Fighting
  1469 | D:2      | Noticed Robin
  1725 | D:2      | Noticed Jessica
  1766 | D:2      | Killed Jessica
  1767 | D:2      | Reached XP level 4. HP: 23/40 MP: 4/4
  1908 | D:2      | Noticed Sigmund
  1917 | D:2      | Killed Sigmund
  1918 | D:2      | Reached XP level 5. HP: 47/47 MP: 5/5
  2077 | D:3      | Reached ** piety under Trog
  2086 | D:3      | Reached skill level 5 in Fighting
  2268 | D:3      | Reached XP level 6. HP: 46/56 MP: 6/6
  2761 | D:3      | Found a faded altar of an unknown god.
  3078 | D:4      | Noticed Duvessa
  3078 | D:4      | Noticed Dowan
  3167 | D:4      | Noticed Pargi
  3188 | D:4      | Killed Pargi
  3189 | D:4      | Reached skill level 5 in Long Blades
  3353 | D:4      | Your scales start taking on a dull iron-grey colour.
  3353 | D:4      | Reached XP level 7. HP: 40/62 MP: 7/7
  3513 | D:4      | Reached skill level 6 in Fighting
  3669 | D:4      | Killed Duvessa
  3670 | D:4      | Reached skill level 5 in Dodging
  3676 | D:4      | Killed Dowan
  4040 | D:4      | Found a sparkling altar of Nemelex Xobeh.
  4302 | D:4      | Noticed Menkaure
  4308 | D:4      | Killed Menkaure
  4309 | D:4      | Reached XP level 8. HP: 67/71 MP: 8/8
  4694 | D:4      | Reached *** piety under Trog
  4724 | D:5      | Entered Level 5 of the Dungeon
  4774 | D:5      | Found Sokkiego's Book Boutique.
  5152 | D:5      | Reached skill level 7 in Fighting
  5596 | D:5      | Found a staircase to the Ecumenical Temple.
  6701 | D:7      | Reached skill level 8 in Fighting
  6795 | D:7      | Reached XP level 9. HP: 63/80 MP: 9/9
  8298 | D:8      | Noticed a two-headed ogre
  9005 | D:8      | Reached skill level 9 in Fighting
  9896 | D:9      | Noticed Grum
  9908 | D:9      | Reached XP level 10. HP: 80/92 MP: 10/10
  9915 | D:9      | Reached **** piety under Trog
 10111 | D:9      | Killed Grum
 10162 | D:9      | Reached skill level 10 in Fighting
 10299 | D:9      | Noticed a smoke demon
 10397 | D:9      | Noticed a rust devil
 11089 | D:9      | Found a runed translucent gate.
 11089 | D:9      | Found a runed translucent gate.
 11089 | D:9      | Found a runed translucent gate.
 11090 | D:9      | Noticed rogsnak's ghost (novice DsAE)
 11330 | D:9      | Found a staircase to the Lair.
 11559 | D:9      | Reached skill level 10 in Long Blades
 11570 | D:9      | Reached skill level 11 in Fighting
 11599 | D:9      | Killed from afar by rogsnak's ghost

Illustrated notes

Levels and vault maps discovered:
D:1:      dpeg_arrival_round_b, layout_basic
D:2:      layout_rooms, minmay_statues_item, uniq_robin, uniq_jessica,
          uniq_sigmund
D:3:      layout_basic, shapermc_ecumenical_altar_mp_urbaneastern
D:4:      layout_layer_cave, nemelex_spade_bored_becter, serial_bayou_ford_a,
          minmay_misc_feat_tower, uniq_menkaure, uniq_pargi, uniq_duvessa
D:5:      layout_basic, minmay_temple_entry_nine_rooms, serial_shops,
          nicolae_shop_temple_entry_statues_fountains
D:6:      layout_cave_pods
D:7:      layout_layer_cave
D:8:      layout_loops_ring
D:9:      layout_basic, due_lair_maze_entry_diamond,
          gammafunk_ghost_nasty_kobolds, uniq_grum

Skill      XL: |  1  2  3  4  5  6  7  8  9 10 |
---------------+-------------------------------+-----
Dodging        | 3 4 5 6 8 9 |  9.2
Fighting       | 4 5 6 8 9 11 | 11.0
Long Blades    | 4 5 6 7 8 10 | 10.1

Action                   |  1- 3 |  4- 6 |  7- 9 | 10-12 || total
-------------------------+-------+-------+-------+-------++-------
Melee: Falchion          |   131 |    88 |   221 |       ||   440
       Tailslap          |    11 |    13 |    56 |    23 ||   103
       Punch             |     2 |       |       |       ||     2
       Scimitar          |       |       |   111 |   157 ||   268
       Great sword       |       |       |    39 |       ||    39
Invok: Berserk           |       |     3 |     3 |     2 ||     8
       Trog's Hand       |       |       |       |     1 ||     1
  Use: Scroll            |       |       |     1 |       ||     1
 Stab: Sleeping          |     2 |     1 |     2 |       ||     5
Armor: Skin              |    39 |    27 |   132 |    70 ||   268
Dodge: Dodged            |   102 |    70 |   223 |   113 ||   508

Table legend: (Time is in decaauts)
 A = Elapsed time spent in this place.
 B = Non-inter-level travel time spent in this place.
 C = Inter-level travel time spent in this place.
 D = Time resting spent in this place.
 E = Time spent auto-exploring this place.
 F = Levels seen in this place.
 G = Mean time per level.
                   A        B        C        D        E       F      G
               +--------+--------+--------+--------+--------+-----+--------+
         Total |  11706 |  11355 |    351 |   1267 |   8229 |   9 | 1300.7 |
       Dungeon |  11706 |  11355 |    351 |   1267 |   8229 |   9 | 1300.7 |
               +--------+--------+--------+--------+--------+-----+--------+

Top non-repeatable levels by time:
     D:7: 1783 daAuts
     D:8: 1740 daAuts
     D:4: 1669 daAuts
     D:9: 1446 daAuts
     D:1: 1206 daAuts
     D:3: 1140 daAuts
     D:5: 990 daAuts
     D:2: 865 daAuts
     D:6: 862 daAuts
